Map: King's Cove LE

Players

DONRAMON

  • Race: Zerg Zerg
  • Spawn Location: 5:00

NightKnight - Winner!

  • Race: Protoss Protoss
  • League: Gold
  • Spawn Location: 11:00

VOD

Have the link to the VOD?

Description

Time

  • Played on: May 22, 2019, 4:08 p.m.
  • Length: 2:32
Show
View Real Time Build Order
Export as new Build Order

DONRAMON Zerg 

Build Orders: Hatch First 

Get SALT Encoding   

  12  0:02  Drone  
  13  0:09  Drone  
  14  0:18  Overlord  
  14  0:37  Drone x3  
  17  0:57  Hatchery  
  17  1:03  Drone x2  
  18  1:07  Extractor  
  17  1:18  Drone  
  18  1:31  Drone x2  
  20  1:45  Drone  
  21  1:55  Drone  
  21  1:56  Spawning Pool  
Show
View Real Time Build Order
Export as new Build Order

NightKnight Protoss - Winner!

Build Orders:  

Get SALT Encoding   

  12  0:01  Probe  
  13  0:13  Probe  
  14  0:19  Pylon  
  14  0:27  Probe  
  15  0:36  Probe  
  15  0:38  Forge  
  16  0:44  Probe  
  17  0:54  Probe  
  18  1:02  Pylon  
  18  1:12  Pylon  
  18  1:21  Pylon  
  18  1:31  Photon Cannon  
  18  1:33  Photon Cannon  
  18  1:43  Probe  
  17  1:51  Probe  
  19  2:03  Photon Cannon  
  19  2:11  Photon Cannon  
  19  2:25  Photon Cannon  
  19  2:26  Photon Cannon  
  19  2:28  Photon Cannon  
Tags
 
League
Gold
Matchup
PvZ
Spawn Locations
Cross Positions
Add a new tag
Caveats
  • Supply blocks, unpowered buildings, or Contaminate may cause inaccurate times.
  • Supply counts are checked every 10 seconds.